 Dungeon Crawl Stone Soup version 0.30-a0-586-g23e55c9e0a (webtiles) character file.

Game seed: 7785614287278113086

1363 pokeman the Thaumaturge (level 8, -4/44 HPs)
             Began as a Deep Elf Hedge Wizard on Jan 3, 2023.
             Was an Initiate of Vehumet.
             Succumbed to a water moccasin's poison
             ... on level 6 of the Dungeon.
             The game lasted 00:11:41 (7702 turns).

pokeman the Thaumaturge (Deep Elf Hedge Wizard)     Turns: 7702, Time: 00:11:42

Health: -4/44      AC:  4    Str: 13    XL:     8   Next: 38%
Magic:  18/23      EV: 13    Int: 22    God:    Vehumet [......]
Gold:   305        SH:  0    Dex: 14    Spells: 18/26 levels left

rFire   . . .      SeeInvis .    i - +0 short sword (venom)
rCold   . . .      Faith    .    (no shield)
rNeg    . . .      Spirit   .    b - +0 robe
rPois   .          Reflect  .    c - +0 hat
rElec   .          Harm     .    g - +0 cloak
rCorr   .          Rampage  .    (no gloves)
Will    .....                    C - +0 pair of boots
Stlth   ++                       (no amulet)
HPRegen 0.27/turn                w - +6 ring of strength
MPRegen 0.18/turn                (no ring)

@: lethally poisoned (-4 -> -22), attractive
A: no striking features
a: Renounce Religion


You were on level 6 of the Dungeon.
You worshipped Vehumet.
Vehumet was noncommittal.
You visited 2 branches of the dungeon, and saw 7 of its levels.

You collected 305 gold pieces.

Inventory:

Hand Weapons
 i - a +0 short sword of venom (weapon)
Armour
 b - a +0 robe (worn)
 c - a +0 hat (worn)
 g - a +0 cloak (worn)
 C - a +0 pair of boots (worn)
 E - a +0 buckler
Magical Staves
 t - a staff of fire
Jewellery
 w - a +6 ring of strength (left hand)
 y - a ring of ice
Wands
 u - a wand of iceblast (5)
 D - a wand of mindburst (19)
Scrolls
 k - a scroll of poison {unknown}
 l - 2 scrolls of noise {unknown}
 m - 5 scrolls of immolation {unknown}
 n - a scroll of fog {unknown}
 q - a scroll of silence {unknown}
 r - 3 scrolls of teleportation {unknown}
 s - 7 scrolls of identify {unknown}
 x - a scroll of acquirement {unknown}
 z - a scroll of enchant weapon {unknown}
 B - a scroll of vulnerability {unknown}
Potions
 a - 2 potions of brilliance {unknown}
 d - 3 potions of magic
 e - 2 potions of attraction
 f - 2 potions of resistance
 h - a potion of haste {unknown}
 j - 3 potions of heal wounds {unknown}
 o - a potion of lignification {unknown}
 p - 6 potions of degeneration {unknown}
 v - 2 potions of curing {unknown}
 A - a potion of flight {unknown}


   Skills:
 - Level 2.0 Fighting
 - Level 2.1 Armour
 - Level 3.0 Dodging
 - Level 3.0 Stealth
 + Level 0.1 Shields
 * Level 9.6 Spellcasting
 + Level 5.0 Conjurations
 - Level 1.1 Summonings
 - Level 1.1 Translocations
 + Level 3.9 Fire Magic
 - Level 1.1 Air Magic
 - Level 1.0 Poison Magic
 - Level 1.1 Evocations


You had 18 spell levels left.
You knew the following spells:

 Your Spells              Type           Power      Damage    Failure   Level
a - Magic Dart            Conj           100%       1d8       1%          1
b - Mephitic Cloud        Conj/Pois/Air  21%        N/A       7%          3
c - Call Imp              Summ           15%        N/A       6%          2
d - Blink                 Tloc           30%        N/A       6%          2

Your spell library contained the following spells:

 Spells                   Type           Power      Damage    Failure   Level
 Kiss of Death            Conj/Necr      84%        2d11      2%          1
 Sting                    Tmut/Pois      48%        1d5       4%          1
 Slow                     Hex            40%        N/A       6%          1
 Poisonous Vapours        Pois/Air       30%        N/A       6%          2
 Cigotuvi's Dreadful Rot  Necr/Pois/Air  26%        N/A       7%          2
 Kindle Blastsparks       Fire/Tloc/Air  38%        2d13      9%          3
 Confusing Touch          Hex            10%        N/A       19%         3
 Iskenderun's Mystic Bla  Conj/Tloc      24%        2d7       19%         4
 Fulminant Prism          Conj/Hex       10%        3d8       22%         4
 Olgreb's Toxic Radiance  Pois           15%        N/A       36%         4
 Dispel Undead            Necr           10%        3d9       54%         4
 Lee's Rapid Deconstruct  Erth           5%         3d6*      87%         5


Dungeon Overview and Level Annotations

Branches:
Dungeon (6/15)             Temple (1/1) D:5

Altars:
Ashenzari
Cheibriados
Gozag
Kikubaaqudgha
Okawaru
Qazlal
Ru
Sif Muna
Uskayaw
Vehumet
Xom
Zin
The Shining One


Message History

You are more poisoned.
The water moccasin poisons you!
Your crimson imp barely misses the water moccasin.
You hit the water moccasin.
The water moccasin is severely wounded.
You feel very sick. The water moccasin barely misses you.
Your crimson imp closely misses the water moccasin.
Casting: Magic Dart (safe; 1% risk of failure)
Confirm with . or Enter, or press ? or * to list all spells.
Aiming: Magic Dart (safe; 1% risk of failure)
Press: ? - help, Shift-Dir - straight line, f/p - water moccasin
Aim: a water moccasin (severely wounded, ally target, 100% to hit)
The magic dart hits the water moccasin.
The water moccasin is severely wounded.
You feel very sick.
The water moccasin barely misses you. x2
Your crimson imp hits the water moccasin.
You miss the water moccasin.
The water moccasin is almost dead.
You feel very sick. The water moccasin closely misses you.
Your crimson imp misses the water moccasin.
Casting: Magic Dart (safe; 1% risk of failure)
Confirm with . or Enter, or press ? or * to list all spells.
Aiming: Magic Dart (safe; 1% risk of failure)
Press: ? - help, Shift-Dir - straight line, f/p - water moccasin
Aim: a water moccasin (almost dead, ally target, 100% to hit)
The magic dart hits the water moccasin.
The water moccasin is almost dead.
You feel sick. The water moccasin bites you.
* * * LOW HITPOINT WARNING * * *
You are more poisoned.
The water moccasin poisons you! The water moccasin bites you.
* * * LOW HITPOINT WARNING * * *
Your crimson imp hits the water moccasin but does no damage.
Unknown command.
It was a potion of attraction.
You feel attractive to monsters.
You die...

##.#
#.#...#
...#
#.#...### #
#..#
#.......#.#
...#
#.........#
#.##
#.......##
#.#
###...###
#.# #...#
..#####
#####.##
.......:.
#.5S@.#
########.
#.##### #.
#. #. #. #.
#.


You could see a water moccasin (distracted, ally target) and a friendly crimson
imp (summoned).

Vanquished Creatures
  A steam dragon (D:6)
  An orc warrior (D:6)
  A black bear (D:6)
  An ice beast (D:5)
  An ogre (D:6)
  A phantom (D:5)
  A necrophage (D:4)
  A scorpion (D:6)
  3 killer bees (D:5)
  4 hounds
  A jelly (D:6)
  2 orc priests (D:6)
  2 iguanas (D:5)
  2 orc wizards
  7 adders
  2 gnolls (D:4)
  2 ufetubi (D:5)
  4 worms
  3 dart slugs
  15 orcs
  4 bats (D:1)
  9 endoplasms
  4 giant cockroaches
  6 goblins
  9 hobgoblins
  3 jackals (D:3)
  9 quokkas
  5 ball pythons
  3 frilled lizards
  10 kobolds
  11 rats
128 creatures vanquished.

Vanquished Creatures (collateral kills)
  A gnoll (D:4)
1 creature vanquished.

Grand Total: 129 creatures vanquished

Notes
Turn   | Place    | Note
-------+----------+-------------------------------------------
     0 | D:1      | pokeman the Deep Elf Hedge Wizard began the quest for the
                  | Orb.
     0 | D:1      | Reached XP level 1. HP: 10/10 MP: 7/7
   307 | D:1      | Reached XP level 2. HP: 16/16 MP: 7/9
   847 | D:1      | Reached skill level 5 in Spellcasting
  1089 | D:2      | Reached XP level 3. HP: 20/20 MP: 11/11
  1094 | D:2      | Learned a level 3 spell: Mephitic Cloud
  1097 | D:2      | Learned a level 2 spell: Call Imp
  1100 | D:2      | Learned a level 2 spell: Blink
  1285 | D:2      | Reached skill level 1 in Fighting
  1285 | D:2      | Reached skill level 1 in Armour
  1565 | D:2      | Reached XP level 4. HP: 25/25 MP: 7/13
  2855 | D:3      | Found a hide-covered altar of Uskayaw.
  3308 | D:3      | Found a broken altar of Ashenzari.
  3955 | D:4      | Reached skill level 6 in Spellcasting
  3955 | D:4      | Reached XP level 5. HP: 29/29 MP: 4/15
  4711 | D:4      | Reached skill level 1 in Fire Magic
  4711 | D:4      | Reached skill level 1 in Air Magic
  4711 | D:4      | Reached XP level 6. HP: 9/34 MP: 2/17
  5032 | D:4      | Found a glowing golden altar of the Shining One.
  5313 | D:5      | Entered Level 5 of the Dungeon
  5371 | D:5      | Reached skill level 7 in Spellcasting
  5399 | D:5      | Reached skill level 1 in Evocations
  5577 | D:5      | Reached skill level 1 in Poison Magic
  5753 | D:5      | Found a snail-covered altar of Cheibriados.
  5983 | D:5      | Found a staircase to the Ecumenical Temple.
  5990 | Temple   | Entered the Ecumenical Temple
  6055 | Temple   | Became a worshipper of Vehumet
  6256 | D:5      | Noticed an ice beast
  6283 | D:5      | Killed an ice beast
  6284 | D:5      | Reached XP level 7. HP: 38/38 MP: 11/20
  6608 | D:5      | Reached skill level 8 in Spellcasting
  7000 | D:6      | Noticed a steam dragon
  7204 | D:6      | Found a shimmering blue altar of Sif Muna.
  7213 | D:6      | Killed a steam dragon
  7214 | D:6      | Reached XP level 8. HP: 41/44 MP: 16/22
  7222 | D:6      | Reached skill level 9 in Spellcasting
  7540 | D:6      | Found a shimmering altar of Xom.
  7658 | D:6      | Reached skill level 5 in Conjurations
  7701 | D:6      | HP: 1/44 [water moccasin (6)]
  7702 | D:6      | Succumbed to a water moccasin's poison

Illustrated notes

Levels and vault maps discovered:
D:1:      lightli_arrival_statue_moat, layout_basic
D:2:      minmay_door_path, layout_loops_corners
D:3:      layout_basic, mainiacjoe_overflow_paths,
          nicolae_uskayaw_murder_on_the_dancefloor, corner_web_ring,
          wander_ebering_terrifying_dragon_lair
D:4:      layout_basic, kennysheep_mini, serial_curves, eino_curves_01,
          eino_curves_02
D:5:      layout_loops_corners, cheibrodos_worm_habitat,
          minmay_temple_entry_tees, hangedman_decor_points, serial_bayou_pond_e,
          minmay_misc_feat_iff
D:6:      layout_loops_ring, old_standard_altar, xom_teletrap_fun,
          mainiacjoe_overflow_alcove_4
Temple:   hellmonk_temple_flake

Skill      XL: |  1  2  3  4  5  6  7  8 |
---------------+-------------------------+-----
Spellcasting   | 5 6 7 8 9 |  9.6
Fighting       | 1 2 |  2.0
Armour         | 1 2 |  2.1
Conjurations   | 2 3 4 5 |  5.0
Stealth        | 3 |  3.0
Dodging        | 3 |  3.0
Fire Magic     | 1 2 3 |  3.9
Air Magic      | 1 |  1.1
Evocations     | 1 |  1.1
Poison Magic   | 1 |  1.0
Shields        | |  0.1
Summonings     | |  1.1
Translocations | |  1.1

Action                   |  1- 3 |  4- 6 |  7- 9 || total
-------------------------+-------+-------+-------++-------
Melee: Short sword       |    12 |    59 |    51 ||   122
 Cast: Magic Dart        |    79 |   202 |    30 ||   311
       Mephitic Cloud    |     2 |     6 |    11 ||    19
       Call Imp          |       |     5 |     2 ||     7
  Use: Potion            |       |       |     1 ||     1
 Stab: Sleeping          |     2 |     3 |       ||     5
       Confused          |     2 |     2 |     6 ||    10
Armor: Robe              |     3 |    17 |    12 ||    32
Dodge: Dodged            |    14 |    70 |    29 ||   113

Table legend: (Time is in decaauts)
 A = Elapsed time spent in this place.
 B = Non-inter-level travel time spent in this place.
 C = Inter-level travel time spent in this place.
 D = Time resting spent in this place.
 E = Time spent auto-exploring this place.
 F = Levels seen in this place.
 G = Mean time per level.
                   A        B        C        D        E       F      G
               +--------+--------+--------+--------+--------+-----+--------+
         Total |   7712 |   7414 |    298 |    164 |   6275 |   7 | 1101.7 |
       Dungeon |   7635 |   7347 |    288 |    164 |   6224 |   6 | 1272.5 |
        Temple |     76 |     66 |     10 |      0 |     51 |   1 |   76.0 |
               +--------+--------+--------+--------+--------+-----+--------+

Top non-repeatable levels by time:
     D:5: 1640 daAuts
     D:2: 1549 daAuts
     D:4: 1344 daAuts
     D:3: 1330 daAuts
     D:1: 1086 daAuts
     D:6: 684 daAuts
  Temple: 76 daAuts
